[Event "Titled Tuesday Blitz March 28 Early 2023"]
[White "Gukesh D"]
[Black "Rendle, Thomas E"]
[WhiteFideId "46616543"]
[BlackFideId "408760"]
[WhiteElo "2612"]
[BlackElo "2428"]
[Result "1-0"]
[Round "07"]
[TimeControl "180+2"]
[Date "2023.03.28"]
[WhiteClock "0:00:09"]
[BlackClock "0:00:06"]

1. e4 e6 2. d4 d5 3. e5 c5 4. c3 Nc6 5. Nf3 Qb6 6. Bd3 cxd4 7. cxd4 Bd7 8. O-O Nxd4 9. Nbd2 Bc5 10. Nxd4 Bxd4 11. Nf3 Ne7 12. a4 a5 13. h4 Nc6 14. Bf4 h6 15. h5 Bc5 16. Rc1 Be7 17. Nh2 Bg5 18. Bxg5 hxg5 19. Re1 Qd4 20. Qe2 Qh4 21. g4 g6 22. Kg2 gxh5 23. Rh1 Nb4 24. f3 d4 25. Be4 d3 26. Qd2 Bc6 27. Nf1 Qxh1+ 28. Kxh1 hxg4+ 29. Kg1 gxf3 30. Bxc6+ bxc6 31. Ng3 O-O-O 32. Rc5 Rd4 33. Rxa5 Rh3 34. Qf2 1-0


[Site "https://www.chess.com"]

[Event "Titled Tuesday Blitz March 28 Early 2023"]
[White "polandchessplayer"]
[Black "Zhigalko, Sergei"]
[BlackFideId "13502956"]
[WhiteElo "2699"]
[BlackElo "2626"]
[Result "0-1"]
[Round "07"]
[TimeControl "180+2"]
[Date "2023.03.28"]
[WhiteClock "0:00:50"]
[BlackClock "0:00:07"]

1. c4 e5 2. Nc3 Nf6 3. Nf3 Nc6 4. e4 Bb4 5. d3 d6 6. a3 Bc5 7. b4 Bb6 8. Be3 Bg4 9. Be2 Bxf3 10. Bxf3 O-O 11. O-O Bd4 12. Rc1 a6 13. Nd5 Bxe3 14. fxe3 Nxd5 15. cxd5 Ne7 16. d4 c6 17. dxc6 Nxc6 18. Qd3 Qb6 19. d5 Ne7 20. Rc2 Rac8 21. Rfc1 Rxc2 22. Rxc2 f5 23. Qc3 Rc8 24. Qd3 Rxc2 25. Qxc2 Qxe3+ 26. Kf1 fxe4 27. Bxe4 g6 28. g3 Kf7 29. a4 Qd4 30. b5 axb5 31. axb5 b6 32. Ke2 Kg7 33. Kf1 Nxd5 34. Bxd5 Qxd5 35. Qc7+ Qf7+ 36. Qxf7+ Kxf7 37. Ke2 Ke6 38. Ke3 d5 39. Kd3 Kd6 0-1


[Site "https://www.chess.com"]

[Event "Titled Tuesday Blitz March 28 Early 2023"]
[White "Zhao, Jun"]
[Black "Moroni, Luca Jr"]
[WhiteFideId "8602522"]
[BlackFideId "865834"]
[WhiteElo "2547"]
[BlackElo "2569"]
[Result "0-1"]
[Round "07"]
[TimeControl "180+2"]
[Date "2023.03.28"]
[WhiteClock "0:00:38"]
[BlackClock "0:00:15"]

1. d4 g6 2. c4 Bg7 3. Nc3 d6 4. Nf3 Nc6 5. e3 e5 6. Be2 Nge7 7. O-O exd4 8. exd4 Bg4 9. d5 Bxf3 10. Bxf3 Ne5 11. Be2 O-O 12. Qc2 Qd7 13. f4 Ng4 14. h3 Bd4+ 15. Kh1 Nf5 16. Ne4 Qe7 17. Bxg4 Qxe4 18. Bxf5 gxf5 19. Qxe4 fxe4 20. Re1 f5 21. Be3 Bxe3 22. Rxe3 Kf7 23. Kg1 Rg8 24. Kf2 h5 25. h4 Ke7 26. g3 Kd7 27. Rc1 c6 28. Rd1 c5 29. a4 Rgb8 30. Rb1 Kc7 31. b4 cxb4 32. Rxb4 b6 33. Reb3 Rc8 34. Ke3 Rab8 35. Kd4 Kb7 36. Rb5 Ka6 37. a5 Rc5 38. Rxc5 bxc5+ 0-1


[Site "https://www.chess.com"]

[Event "Titled Tuesday Blitz March 28 Early 2023"]
[White "Hamitevici, Vladimir"]
[Black "Durarbayli, Vasif"]
[WhiteFideId "13902393"]
[BlackFideId "13402935"]
[WhiteElo "2401"]
[BlackElo "2543"]
[Result "0-1"]
[Round "07"]
[TimeControl "180+2"]
[Date "2023.03.28"]
[WhiteClock "0:00:06"]
[BlackClock "0:00:03"]

1. b3 e5 2. Bb2 Nc6 3. c4 Nf6 4. e3 d5 5. cxd5 Nxd5 6. a3 Bd6 7. Bc4 Nb6 8. Be2 Qg5 9. Nf3 Qxg2 10. Rg1 Qh3 11. Rxg7 Qh6 12. Rg1 Be6 13. d3 O-O-O 14. Nbd2 Rhg8 15. Rxg8 Rxg8 16. Qc2 f5 17. b4 a6 18. h4 Bd5 19. e4 Be6 20. Ng5 Bd7 21. Ndf3 Qg6 22. Qb3 h6 23. h5 Qg7 24. Ne6 Qf7 25. exf5 Kb8 26. O-O-O Ne7 27. Nc5 Qxb3 28. Nxb3 Bxf5 29. Rg1 Rxg1+ 30. Nxg1 Nbd5 31. Nc5 Nf4 32. Bf1 Bxc5 33. bxc5 Bxd3 34. Bh3 Be4 35. Kd2 Nd3 36. Bc3 Bh7 37. Ke3 Nxc5 38. Bxe5 Na4 39. Bg7 Nd5+ 40. Kd4 Nf4 41. Bxh6 Nxh5 42. Bg5 Ng7 43. Ke5 Ne8 44. Be7 Nd6 45. Bd7 Nb6 46. Bxd6 cxd6+ 47. Kxd6 Nc4+ 48. Kc5 Nxa3 49. f4 Kc7 50. Bg4 b6+ 51. Kd4 Nb5+ 52. Ke5 a5 53. f5 a4 54. f6 Bg8 55. Be6 Bxe6 56. Kxe6 Nd6 57. Ne2 a3 58. Nc3 Kc6 59. Ke5 Nf7+ 60. Ke6 Nd6 61. Ke5 b5 62. Kd4 b4 63. Nd5 Kb5 64. Ne3 a2 65. Nc2 Nf7 66. Kd3 b3 67. Nd4+ Kb4 68. Nc6+ Ka3 69. Nd4 a1=Q 70. Nb5+ Ka2 0-1


[Site "https://www.chess.com"]

[Event "Titled Tuesday Blitz March 28 Early 2023"]
[White "Subelj, Jan"]
[Black "Movahed, Sina"]
[WhiteFideId "14618583"]
[BlackFideId "42520835"]
[WhiteElo "2474"]
[BlackElo "2225"]
[Result "1-0"]
[Round "07"]
[TimeControl "180+2"]
[Date "2023.03.28"]
[WhiteClock "0:01:16"]
[BlackClock "0:00:16"]

1. e4 c5 2. Na3 Nc6 3. Bb5 g6 4. Bxc6 bxc6 5. d3 Bg7 6. f4 Rb8 7. c3 d5 8. Nf3 Ba6 9. e5 Nh6 10. O-O O-O 11. c4 Nf5 12. b3 Nd4 13. Nc2 f6 14. Ncxd4 cxd4 15. Nxd4 Qb6 16. Be3 fxe5 17. fxe5 Rxf1+ 18. Qxf1 Rf8 19. Qe2 Bxe5 20. Nf3 Qc7 21. Nxe5 Qxe5 22. Re1 Qc7 23. Bc5 Rf7 24. Bxe7 Qb6+ 25. c5 Qc7 26. Bd6 Qd7 27. h3 Bc8 28. Qe8+ Kg7 29. Bf8+ Rxf8 30. Re7+ Kg8 31. Qxd7 Bxd7 32. Rxd7 Re8 33. Rxa7 Re2 34. Ra6 d4 35. Rxc6 Rxa2 36. Rd6 Rb2 37. Rxd4 Rxb3 38. c6 1-0


[Site "https://www.chess.com"]

[Event "Titled Tuesday Blitz March 28 Early 2023"]
[White "Aveskulov, Valeriy"]
[Black "Moussard, Jules"]
[WhiteFideId "14109743"]
[BlackFideId "642908"]
[WhiteElo "2552"]
[BlackElo "2610"]
[Result "1-0"]
[Round "07"]
[TimeControl "180+2"]
[Date "2023.03.28"]
[WhiteClock "0:00:14"]
[BlackClock "0:01:16"]

1. e4 Nf6 2. e5 Nd5 3. d4 d6 4. Nf3 g6 5. Bc4 Nb6 6. Bb3 Bg7 7. a4 a5 8. Ng5 e6 9. Qf3 Qe7 10. Ne4 h6 11. O-O Nc6 12. Nf6+ Kf8 13. Qe4 dxe5 14. dxe5 Nxe5 15. Qxe5 Bxf6 16. Qe2 Kg7 17. Nd2 Kh7 18. Ne4 Bg7 19. h4 f5 20. Nc3 Qxh4 21. g3 Qe7 22. Kg2 Bd7 23. Rh1 Rhe8 24. Bxh6 Bxh6 25. Rxh6+ Kxh6 26. Rh1+ Kg7 27. Qe5+ Qf6 28. Rh7+ Kxh7 29. Qxf6 Rf8 30. Qe7+ Kh6 31. Ne2 Rae8 32. Qh4+ Kg7 33. Nf4 Rh8 34. Qg5 Rh6 35. g4 e5 36. Nh5+ Rxh5 37. gxh5 Bc6+ 38. f3 Bd5 39. Qxg6+ Kf8 40. Qf6+ Kg8 41. h6 1-0


[Site "https://www.chess.com"]

[Event "Titled Tuesday Blitz March 28 Early 2023"]
[White "Salinas Herrera, Pablo"]
[Black "Jessel, Stephen"]
[WhiteFideId "3407128"]
[BlackFideId "628859"]
[WhiteElo "2550"]
[BlackElo "2268"]
[Result "1-0"]
[Round "07"]
[TimeControl "180+2"]
[Date "2023.03.28"]
[WhiteClock "0:00:09"]
[BlackClock "0:00:10"]

1. d4 e6 2. e4 d5 3. exd5 exd5 4. Bd3 c5 5. Nf3 c4 6. Be2 Nc6 7. O-O Nf6 8. b3 cxb3 9. axb3 Be7 10. c3 O-O 11. Nbd2 Bg4 12. Bd3 a6 13. Qc2 Rc8 14. Qb2 Re8 15. b4 Bd6 16. b5 axb5 17. Bxb5 Ne4 18. Re1 Qf6 19. Nxe4 dxe4 20. Nd2 Bxh2+ 21. Kxh2 Qxf2 22. Nf3 Qxb2 23. Bxb2 exf3 24. Rxe8+ Rxe8 25. d5 h5 26. dxc6 bxc6 27. Bf1 Rb8 28. Ba3 Rb3 29. Bb4 Rb2 30. Kg3 f2 31. Bc5 f5 32. Kf4 Kh7 33. Kg5 Rc2 34. Bd4 c5 35. Be5 Re2 36. Bg3 Rc2 37. Ra7 f4 38. Bxf4 Rxc3 39. Be5 Re3 40. Rxg7+ Kh8 41. Bf6 Re1 42. Kh6 Re6 43. Rg6+ Rxf6 44. Rxf6 h4 45. Rf8# 1-0


[Site "https://www.chess.com"]

[Event "Titled Tuesday Blitz March 28 Early 2023"]
[White "Kovalev, Vladislav"]
[Black "Tregubov, Pavel V."]
[WhiteFideId "13504398"]
[BlackFideId "4115341"]
[WhiteElo "2555"]
[BlackElo "2425"]
[Result "1-0"]
[Round "07"]
[TimeControl "180+2"]
[Date "2023.03.28"]
[WhiteClock "0:00:01"]
[BlackClock "0:00:21"]

1. e4 c5 2. Nf3 e6 3. d4 cxd4 4. Nxd4 Nf6 5. Nc3 Nc6 6. a3 d5 7. exd5 Nxd5 8. Nxc6 bxc6 9. Ne4 f5 10. Ng5 Be7 11. c4 Nf6 12. Qxd8+ Bxd8 13. Nf3 Bc7 14. Be3 e5 15. O-O-O Ng4 16. Bc5 e4 17. h3 Nf6 18. Nd4 Bd7 19. Be2 Kf7 20. g4 fxg4 21. hxg4 Bxg4 22. Bxg4 Nxg4 23. Nxc6 Rac8 24. Rd7+ Ke6 25. Re7+ Kf5 26. Nd4+ Kg6 27. Rxe4 Nxf2 28. Rg1+ Kh5 29. Re2 Nd3+ 30. Kc2 Nxc5 31. Reg2 g5 32. Rxg5+ Kh6 33. Nf5# 1-0


[Site "https://www.chess.com"]

[Event "Titled Tuesday Blitz March 28 Early 2023"]
[White "Amilal Munkhdalai"]
[Black "Pakleza, Zbigniew"]
[WhiteFideId "4903250"]
[BlackFideId "1119290"]
[WhiteElo "2293"]
[BlackElo "2410"]
[Result "1-0"]
[Round "07"]
[TimeControl "180+2"]
[Date "2023.03.28"]
[WhiteClock "0:00:05"]
[BlackClock "0:00:04"]

1. e4 d6 2. d4 Nf6 3. Nc3 c6 4. Be3 Qb6 5. Rb1 Ng4 6. Bc1 e5 7. Nf3 Nd7 8. h3 Ngf6 9. Be3 Qc7 10. Bc4 b5 11. Bd3 Be7 12. a3 O-O 13. O-O Re8 14. Qe2 Bf8 15. Rfe1 Bb7 16. dxe5 dxe5 17. Rbd1 Nc5 18. Nd2 a5 19. Nb3 Ne6 20. a4 b4 21. Nb1 c5 22. N1d2 Nd4 23. Nxd4 exd4 24. Bg5 Nd5 25. Qf3 Nb6 26. b3 Ba6 27. Bxa6 Rxa6 28. Qd3 Qb7 29. Re2 Nd7 30. Nc4 Rg6 31. Bf4 Qa6 32. Rde1 Rge6 33. Bh2 Nb6 34. Nxb6 Qxb6 35. e5 Qc6 36. f4 g6 37. g4 c4 38. bxc4 Rc8 39. f5 Re7 40. e6 Qxc4 41. Qxc4 Rxc4 42. Bd6 Re8 43. exf7+ Kxf7 44. Rxe8 Bxd6 45. R8e6 Bf4 46. R1e2 Rc3 47. R6e4 Be3+ 48. Kg2 gxf5 49. gxf5 Kf6 50. Rh4 Ra3 51. Rxh7 Rxa4 52. Kf3 Ra1 53. Ke4 a4 54. Rb7 a3 55. Rxb4 Rh1 56. Ra4 Rxh3 57. Ra6+ Kg5 58. Rg2+ Kh5 59. Rxa3 Rh4+ 60. Kd5 Rf4 61. Ke5 Rf1 62. Ra8 Bf4+ 63. Ke4 Bh6 64. Rh8 Rf4+ 65. Ke5 Rh4 66. Rg6 1-0


[Site "https://www.chess.com"]

[Event "Titled Tuesday Blitz March 28 Early 2023"]
[White "Urazayev, Arystanbek"]
[Black "wqws"]
[WhiteFideId "13709810"]
[WhiteElo "2479"]
[BlackElo "2674"]
[Result "0-1"]
[Round "07"]
[TimeControl "180+2"]
[Date "2023.03.28"]
[WhiteClock "0:01:35"]
[BlackClock "0:01:18"]

1. e4 e5 2. Nf3 Nf6 3. Nxe5 d6 4. Nf3 Nxe4 5. d4 d5 6. Bd3 Bf5 7. O-O Be7 8. Re1 O-O 9. c4 c6 10. Qc2 Bg6 11. Ne5 Nf6 12. Nxg6 hxg6 13. Nc3 dxc4 14. Bxc4 Qxd4 15. Bb3 Bb4 16. Qxg6 Bxc3 17. bxc3 Qxc3 18. Ba3 Qxb3 19. Qxg7+ Kxg7 20. Bxf8+ Kxf8 21. axb3 Nbd7 22. f3 b5 23. g4 a5 24. Kf1 Nc5 25. Re3 Nd5 26. Re5 Nxb3 27. Ra2 a4 28. h4 Nb4 29. Ra3 Nd3 30. Re3 Ndc1 31. Re4 c5 32. Ke1 b4 0-1


[Site "https://www.chess.com"]

[Event "Titled Tuesday Blitz March 28 Early 2023"]
[White "Sochacki, Christophe"]
[Black "Timofeev, Artyom"]
[WhiteFideId "662569"]
[BlackFideId "4140419"]
[WhiteElo "2474"]
[BlackElo "2586"]
[Result "0-1"]
[Round "07"]
[TimeControl "180+2"]
[Date "2023.03.28"]
[WhiteClock "0:00:01"]
[BlackClock "0:00:30"]

1. b3 c5 2. Nf3 d6 3. e3 e5 4. d4 cxd4 5. exd4 e4 6. Ng5 d5 7. h4 h6 8. Nh3 Qxh4 9. c4 Bb4+ 10. Bd2 Bxd2+ 11. Qxd2 Ne7 12. Nc3 O-O 13. cxd5 Rd8 14. g3 Qf6 15. Nf4 Bf5 16. Bc4 Nd7 17. Nh5 Qg5 18. Nf4 Nb6 19. O-O-O Rac8 20. Rh5 Qf6 21. Rdh1 Nxc4 22. bxc4 Rxc4 23. g4 Rdc8 24. gxf5 Rxc3+ 25. Kd1 Qa6 26. Ne2 Rd3 27. R1h3 Qa4+ 28. Ke1 Rxd2 29. Kxd2 Nxd5 30. Ke1 Qxa2 31. f6 Nxf6 32. Re5 Qb1+ 33. Kd2 Rc2+ 34. Ke3 Ng4+ 35. Kf4 Nxe5 36. Nc3 Rxc3 37. Rxc3 Ng6+ 38. Kf5 e3+ 0-1


[Site "https://www.chess.com"]

[Event "Titled Tuesday Blitz March 28 Early 2023"]
[White "Ismagilov, Damir"]
[Black "Ashraf, Artin"]
[WhiteFideId "34199982"]
[BlackFideId "22514805"]
[WhiteElo "2078"]
[BlackElo "2188"]
[Result "0-1"]
[Round "07"]
[TimeControl "180+2"]
[Date "2023.03.28"]
[WhiteClock "0:00:01"]
[BlackClock "0:00:07"]

1. d4 d5 2. Bf4 Nf6 3. e3 e6 4. Nd2 c5 5. c3 Bd6 6. Bxd6 Qxd6 7. f4 O-O 8. Ngf3 b6 9. Bd3 Ba6 10. Qe2 Bxd3 11. Qxd3 Nc6 12. O-O c4 13. Qc2 b5 14. Ne5 a5 15. e4 b4 16. Nexc4 dxc4 17. e5 Nxd4 18. Qd1 Qc5 19. exf6 Nc2+ 20. Kh1 Nxa1 21. Ne4 Qf5 22. fxg7 Rfd8 23. Qe2 bxc3 24. bxc3 Nb3 25. axb3 cxb3 26. g4 Qd5 27. Kg1 Kxg7 28. f5 e5 29. f6+ Kh8 30. Qe3 Rg8 31. Ng5 a4 32. Qd3 Qc5+ 33. Qd4 Qf8 34. Qe3 Rg6 35. h4 b2 36. h5 Rxg5 37. Qxg5 a3 38. Qd2 Qc5+ 39. Kh1 Qc6+ 40. Kh2 Qe8 41. Qh6 Qf8 42. Qd2 e4 43. g5 Rb8 44. Rb1 a2 45. g6 axb1=Q 46. g7+ Qxg7 47. fxg7+ Kg8 48. c4 Qd3 49. Qg5 b1=Q 50. h6 Qb2+ 51. Qg2 Qf3 52. Qxb2 Rxb2+ 53. Kg1 Qd1# 0-1


[Site "https://www.chess.com"]

[Event "Titled Tuesday Blitz March 28 Early 2023"]
[White "Warmerdam, Max"]
[Black "Aaditya Dhingra"]
[WhiteFideId "1048104"]
[BlackFideId "25678191"]
[WhiteElo "2518"]
[BlackElo "2083"]
[Result "1/2-1/2"]
[Round "07"]
[TimeControl "180+2"]
[Date "2023.03.28"]
[WhiteClock "0:00:23"]
[BlackClock "0:00:08"]

1. Nf3 d5 2. g3 g6 3. d4 Bg7 4. Bg2 Nf6 5. c4 c6 6. cxd5 cxd5 7. Nc3 Nc6 8. Ne5 O-O 9. O-O Bf5 10. Bf4 Rc8 11. Rc1 a6 12. e3 Ne4 13. Nxe4 Nxe5 14. Rxc8 Qxc8 15. Nc3 Nc4 16. Nxd5 Qd8 17. Qe2 b5 18. b3 Nd6 19. Rc1 Ne4 20. Nb4 g5 21. Bc7 Qd7 22. f3 Nf6 23. Be5 Rc8 24. Rxc8+ Qxc8 25. e4 Qc1+ 26. Qf1 Qc3 27. Nxa6 Bc8 28. Nc5 Ng4 29. fxg4 Bxe5 30. dxe5 Qxc5+ 31. Kh1 Qxe5 32. h3 Be6 33. Kh2 b4 34. Qe1 Qc3 35. Qe2 f6 36. e5 Qxe5 37. Qxe5 fxe5 38. Kg1 Kf7 39. Kf2 Ke8 40. Ke3 Kd7 41. Be4 h6 42. Bf5 Kd6 43. Bd3 Bd5 44. Be2 Bg2 45. h4 Bc6 46. Kd2 Kc5 47. Ke3 Bd5 48. Bd3 Kd6 49. Bf5 Bc6 50. Kd3 Kc5 51. Ke3 Bd5 52. Bd3 Bc6 53. Be2 Bd5 54. Bd1 Bc6 55. Kd3 Bd5 56. Ke3 Bc6 57. Be2 1/2-1/2


[Site "https://www.chess.com"]

[Event "Titled Tuesday Blitz March 28 Early 2023"]
[White "Ohanyan, Emin"]
[Black "Domingo Nunez, Alejandro"]
[WhiteFideId "13312022"]
[BlackFideId "22245561"]
[WhiteElo "2402"]
[BlackElo "2230"]
[Result "1-0"]
[Round "07"]
[TimeControl "180+2"]
[Date "2023.03.28"]
[WhiteClock "0:01:56"]
[BlackClock "0:02:09"]

1. e4 g6 2. d4 Bg7 3. Nc3 c6 4. f4 d5 5. e5 f6 6. Nf3 Nh6 7. Bd3 O-O 8. O-O Bg4 9. Ne2 c5 10. dxc5 Bxf3 11. Rxf3 fxe5 12. fxe5 Rxf3 13. gxf3 Nc6 14. f4 e6 15. a3 Nf7 16. Be3 g5 17. Kh1 gxf4 18. Nxf4 Ncxe5 19. Nxe6 Qh4 20. Nxg7 Ng4 21. Bg1 Kxg7 22. Qe1 Qh3 23. Qg3 Qxg3 24. hxg3 Re8 25. Bd4+ Kh6 26. Kg2 Nfe5 27. Rh1+ Kg5 28. Rxh7 Nxd3 29. cxd3 Re2+ 30. Kf3 Rd2 31. Rg7+ Kf5 32. Rxg4 Rxd3+ 33. Ke2 1-0


[Site "https://www.chess.com"]

[Event "Titled Tuesday Blitz March 28 Early 2023"]
[White "Asadli, Vugar"]
[Black "Kaidanov, Gregory"]
[WhiteFideId "13405764"]
[BlackFideId "2008564"]
[WhiteElo "2598"]
[BlackElo "2547"]
[Result "1-0"]
[Round "07"]
[TimeControl "180+2"]
[Date "2023.03.28"]
[WhiteClock "0:00:56"]
[BlackClock "0:00:06"]

1. e4 e5 2. Nf3 Nc6 3. d4 exd4 4. Bc4 Nf6 5. e5 d5 6. Bb5 Ne4 7. Nxd4 Bd7 8. Bxc6 bxc6 9. O-O Bc5 10. f3 Ng5 11. Be3 Bb6 12. f4 Ne4 13. Nc3 c5 14. Nb3 d4 15. Nxe4 dxe3 16. c4 Bf5 17. Qf3 O-O 18. Qxe3 Qd7 19. Ng3 Be6 20. Nd2 f5 21. b3 Qc6 22. Nf3 Ba5 23. Rad1 Rad8 24. Ng5 Rd4 25. Ne2 Rd7 26. Rd3 Rxd3 27. Qxd3 Bc8 28. Qd5+ Qxd5 29. cxd5 Rd8 30. Rd1 Bb7 31. d6 cxd6 32. exd6 Rd7 33. Ne6 Kf7 34. Nxc5 Bb6 35. b4 a5 36. a3 axb4 37. axb4 Rd8 38. Nc3 Bc6 39. Kf1 Ra8 40. d7 Ke7 41. Re1+ Kd6 42. Re6+ Kc7 43. b5 1-0


[Site "https://www.chess.com"]

[Event "Titled Tuesday Blitz March 28 Early 2023"]
[White "Bodnaruk, Anastasia"]
[Black "Boyer, Mahel"]
[WhiteFideId "4181751"]
[BlackFideId "45102422"]
[WhiteElo "2310"]
[BlackElo "2439"]
[Result "0-1"]
[Round "07"]
[TimeControl "180+2"]
[Date "2023.03.28"]
[WhiteClock "0:00:01"]
[BlackClock "0:00:06"]

1. e4 e6 2. d4 d5 3. e5 c5 4. c3 Nc6 5. Nf3 Qa5 6. dxc5 Qc7 7. b4 a5 8. Bb5 Bd7 9. Bxc6 bxc6 10. O-O Ne7 11. Re1 Ng6 12. Nbd2 a4 13. Nf1 Be7 14. Be3 Nxe5 15. Bf4 Nxf3+ 16. Qxf3 Qb7 17. Ng3 g6 18. Bh6 f6 19. h4 Kf7 20. a3 Rag8 21. c4 e5 22. Rxe5 Bg4 23. Qf4 Re8 24. Rae1 Qd7 25. Rxe7+ Rxe7 26. Rxe7+ Qxe7 27. Qxg4 Qe6 28. Qf4 Re8 29. cxd5 Qxd5 30. Bg5 Qe5 31. Qxe5 Rxe5 32. Bf4 Rd5 33. Ne4 Rd3 34. Nd6+ Ke6 35. b5 cxb5 36. Nxb5 Kd5 37. Be3 Kc6 38. Nd4+ Kxc5 39. Nc2+ Kc4 40. Nb4 Rxa3 41. Nc6 Ra1+ 42. Kh2 Rd1 43. Ne7 a3 44. h5 a2 45. hxg6 hxg6 0-1


[Site "https://www.chess.com"]

[Event "Titled Tuesday Blitz March 28 Early 2023"]
[White "Hnydiuk, Aleksander"]
[Black "Dzhumagaliev, Yan"]
[WhiteFideId "1109057"]
[BlackFideId "24100110"]
[WhiteElo "2374"]
[BlackElo "2476"]
[Result "0-1"]
[Round "07"]
[TimeControl "180+2"]
[Date "2023.03.28"]
[WhiteClock "0:00:01"]
[BlackClock "0:00:09"]

1. c4 h5 2. d4 h4 3. e4 d6 4. Nc3 e5 5. Nf3 Nd7 6. h3 Be7 7. Be3 c6 8. Be2 Qc7 9. Rc1 Nf8 10. c5 dxc5 11. dxe5 Ng6 12. O-O Nxe5 13. Nxe5 Qxe5 14. f4 Qc7 15. e5 Bf5 16. Bg4 Nh6 17. Bf3 Rd8 18. Qe1 Bd3 19. Rf2 Nf5 20. Rd2 c4 21. Bf2 O-O 22. Be4 b5 23. Rcd1 Bxe4 24. Qxe4 Qc8 25. Bxa7 b4 26. Ne2 c5 27. Rxd8 Rxd8 28. Rxd8+ Bxd8 29. Qxc4 Be7 30. Qb5 Kh7 31. a4 c4 32. a5 g6 33. a6 c3 34. bxc3 bxc3 35. Qb7 Qc4 36. Kf2 c2 37. Bb6 c1=Q 38. Nxc1 Qxc1 39. a7 Qxf4+ 40. Ke2 Qc4+ 41. Kf3 Qd3+ 42. Kf2 Qd2+ 43. Kf3 Qd1+ 44. Kf2 Qc2+ 45. Kf3 Qb3+ 46. Kf2 Bc5+ 47. Ke1 Qb1+ 48. Kd2 Qb2+ 49. Kd3 Qb3+ 50. Kd2 Bb4+ 51. Ke2 Ng3+ 52. Kf2 Bc5+ 53. Ke1 Qb1+ 0-1


[Site "https://www.chess.com"]

[Event "Titled Tuesday Blitz March 28 Early 2023"]
[White "Galchenko, Matvey"]
[Black "Bilan, Danila"]
[WhiteFideId "24175480"]
[BlackFideId "24161918"]
[WhiteElo "2404"]
[BlackElo "2182"]
[Result "1-0"]
[Round "07"]
[TimeControl "180+2"]
[Date "2023.03.28"]
[WhiteClock "0:01:00"]
[BlackClock "0:00:08"]

1. e4 c6 2. d4 d5 3. exd5 cxd5 4. Bd3 Nc6 5. c3 Qc7 6. h3 g6 7. Nf3 Bf5 8. Be2 Nf6 9. O-O e6 10. Re1 Bd6 11. Na3 a6 12. Nc2 Ne4 13. Ne3 h5 14. Bd3 f6 15. c4 O-O-O 16. cxd5 exd5 17. Nxd5 Bh2+ 18. Nxh2 Rxd5 19. Bxe4 Rxd4 20. Bxf5+ gxf5 21. Qf3 f4 22. Qc3 Rhd8 23. Nf3 Rd3 24. Qxf6 Qa5 25. Bxf4 Qd5 26. Qe6+ Qxe6 27. Rxe6 Rg8 28. Kf1 Rf8 29. Be3 1-0


[Site "https://www.chess.com"]

[Event "Titled Tuesday Blitz March 28 Early 2023"]
[White "Smirnov, Pavel"]
[Black "Nurmanova, Alua"]
[WhiteFideId "4123425"]
[BlackFideId "13729390"]
[WhiteElo "2519"]
[BlackElo "2253"]
[Result "1-0"]
[Round "07"]
[TimeControl "180+2"]
[Date "2023.03.28"]
[WhiteClock "0:02:53"]
[BlackClock "0:01:43"]

1. d4 Nf6 2. c4 g6 3. g3 Bg7 4. Nf3 O-O 5. Bg2 d6 6. O-O Nbd7 7. Nc3 e5 8. b3 Re8 9. e4 exd4 10. Nxd4 Nc5 11. f3 c6 12. Be3 Qc7 13. Qd2 h5 14. Rae1 h4 15. g4 Nh7 16. Rd1 a5 17. Nde2 Bf8 18. h3 Bd7 19. Bxc5 dxc5 20. Qxd7 Qe5 21. f4 Qg7 22. e5 g5 23. Ne4 gxf4 24. Nxf4 Qxe5 25. Nh5 Re7 26. Qf5 1-0


[Site "https://www.chess.com"]

[Event "Titled Tuesday Blitz March 28 Early 2023"]
[White "Belov, Alexei"]
[Black "Albornoz Cabrera, Carlos Daniel"]
[WhiteFideId "4128206"]
[BlackFideId "3518736"]
[WhiteElo "2562"]
[BlackElo "2501"]
[Result "0-1"]
[Round "07"]
[TimeControl "180+2"]
[Date "2023.03.28"]
[WhiteClock "0:01:39"]
[BlackClock "0:01:51"]

1. e4 c6 2. d4 d5 3. Nd2 dxe4 4. Nxe4 Nf6 5. Nxf6+ exf6 6. c3 Bd6 7. Bd3 O-O 8. Ne2 Re8 9. Qc2 h5 10. Be3 b5 11. a4 b4 12. c4 a5 13. b3 h4 14. h3 Na6 15. O-O-O Qc7 16. c5 Bf8 17. g3 hxg3 18. Bf4 Rxe2 19. Qxe2 Qxf4+ 20. Rd2 gxf2 21. Rf1 Nc7 22. Rxf2 Qh6 23. Be4 Nd5 24. Bxd5 cxd5 25. Kb2 Bd7 26. Qf3 Be6 27. Rde2 f5 28. Rg2 Qf6 29. Re5 Bxc5 30. Qe3 Bd6 0-1


[Site "https://www.chess.com"]

[Event "Titled Tuesday Blitz March 28 Early 2023"]
[White "Jeet, Jain"]
[Black "Nagy, Gabor"]
[WhiteFideId "5073022"]
[BlackFideId "737119"]
[WhiteElo "2067"]
[BlackElo "2510"]
[Result "0-1"]
[Round "07"]
[TimeControl "180+2"]
[Date "2023.03.28"]
[WhiteClock "0:00:03"]
[BlackClock "0:02:17"]

1. Nf3 c5 2. g3 Nc6 3. Bg2 g6 4. O-O Bg7 5. c4 d6 6. Nc3 Bf5 7. Nh4 Bd7 8. e3 Qc8 9. Re1 Bh3 10. Bh1 h5 11. b3 Bg4 12. Qc2 g5 13. Nf3 h4 14. Nxg5 hxg3 15. fxg3 Bf5 16. d3 Nb4 17. Qd2 Nxd3 18. Rf1 Ne5 19. Qd5 Rb8 20. Bb2 Nf6 21. Qd2 Bg6 22. Nd5 Nxd5 23. Bxd5 Qg4 24. Bxe5 Bxe5 25. Bxf7+ Kd8 26. Ne6+ Kc8 0-1


[Site "https://www.chess.com"]

[Event "Titled Tuesday Blitz March 28 Early 2023"]
[White "Defend1r"]
[Black "Xu, Yi"]
[BlackFideId "8605564"]
[WhiteElo "2551"]
[BlackElo "2471"]
[Result "0-1"]
[Round "07"]
[TimeControl "180+2"]
[Date "2023.03.28"]
[WhiteClock "0:01:24"]
[BlackClock "0:01:23"]

1. e4 c5 2. Nf3 d6 3. c3 Nf6 4. h3 Nc6 5. Bd3 g6 6. Bc2 Bg7 7. d4 cxd4 8. cxd4 O-O 9. O-O Nb4 10. Bb3 d5 11. e5 Ne4 12. Bf4 Bf5 13. Ne1 f6 14. f3 Ng5 15. Nc3 Nf7 16. a3 fxe5 17. dxe5 Nc6 18. Nxd5 e6 19. Nf6+ Bxf6 20. exf6 Qb6+ 21. Kh2 Rad8 22. Qc1 Qxb3 23. Bh6 Nxh6 24. Qxh6 Rxf6 25. f4 Nd4 26. Rd1 Qxd1 0-1


[Site "https://www.chess.com"]

[Event "Titled Tuesday Blitz March 28 Early 2023"]
[White "Alinasab, Mobina"]
[Black "Samunenkov, Ihor"]
[WhiteFideId "12528897"]
[BlackFideId "14187086"]
[WhiteElo "2141"]
[BlackElo "2457"]
[Result "0-1"]
[Round "07"]
[TimeControl "180+2"]
[Date "2023.03.28"]
[WhiteClock "0:00:23"]
[BlackClock "0:00:55"]

1. Nf3 d5 2. g3 c5 3. Bg2 Nc6 4. d4 Nf6 5. O-O e6 6. b3 Be7 7. Bb2 O-O 8. dxc5 Bxc5 9. Ne5 Nxe5 10. Bxe5 Qe7 11. Nd2 Rd8 12. Qc1 b6 13. c4 Bb7 14. Rd1 Ng4 15. Nf3 Nxf2 16. Rd4 Bxd4 17. Bxd4 Ne4 18. cxd5 Bxd5 19. Qf4 f6 20. Qe3 Nd6 21. Bb2 Nf5 22. Qf4 Qc5+ 23. Kh1 Ne3 24. Bh3 e5 25. Qh4 Bxf3+ 26. exf3 Qc2 0-1


[Site "https://www.chess.com"]

[Event "Titled Tuesday Blitz March 28 Early 2023"]
[White "Molina, Roberto Junio Brito"]
[Black "Shivakumar, Shawnak"]
[WhiteFideId "2109450"]
[BlackFideId "30940192"]
[WhiteElo "2376"]
[BlackElo "2089"]
[Result "0-1"]
[Round "07"]
[TimeControl "180+2"]
[Date "2023.03.28"]
[WhiteClock "0:00:18"]
[BlackClock "0:01:01"]

1. d4 Nf6 2. c4 e6 3. Nf3 c5 4. d5 b5 5. Bg5 exd5 6. cxd5 h6 7. Bxf6 Qxf6 8. Qd2 d6 9. e4 a6 10. a4 b4 11. Be2 Nd7 12. O-O g5 13. Qe3 g4 14. Nfd2 Ne5 15. Nc4 Nxc4 16. Bxc4 Bg7 17. Nd2 Qxb2 18. Rab1 Qd4 19. Qe2 h5 20. Kh1 h4 21. f4 h3 22. g3 O-O 23. Nb3 Qf6 24. Rbe1 Re8 25. Na5 Bd7 26. Nc6 Rac8 27. Bxa6 Rxc6 28. dxc6 Bxc6 29. Bd3 c4 30. Bb1 Qd4 31. Qxg4 c3 32. f5 Kf8 33. f6 Bxf6 34. Qf4 Re6 35. Rd1 Rxe4 36. Qf3 Re1 37. Qxc6 Qxd1 38. Qc8+ Kg7 39. Qg4+ Qxg4 0-1


[Site "https://www.chess.com"]